 Dungeon Crawl Stone Soup version 0.23-a0-49-gd9f7a49 (webtiles) character file.

6336 qdestroyer the Cleaver (level 10, -11/79 HPs)
             Began as a Minotaur Fighter on Aug 7, 2018.
             Was an Initiate of Gozag.
             Mangled by an ogre
             ... wielding a +0 giant spiked club
              (15 damage)
             ... on level 9 of the Dungeon.
             The game lasted 00:17:54 (7463 turns).

qdestroyer the Cleaver (Minotaur Fighter)           Turns: 7463, Time: 00:17:55

Health: -11/79     AC: 14    Str: 23    XL:     10   Next: 64%
Magic:  8/8        EV: 10    Int:  5    God:    Gozag
Gold:   919        SH: 11    Dex: 11    Spells: 9/9 levels left

rFire    . . .     SeeInvis .   a - +3 war axe
rCold    . . .     Gourm    .   c - +0 shield
rNeg     . . .     Faith    .   b - +0 scale mail
rPois    +         Spirit   .   (helmet restricted)
rElec    .         Reflect  .   m - +1 cloak {+Inv}
rCorr    .         Harm     .   p - +1 pair of gloves
MR       .....                  k - +0 pair of boots
Stlth    ..........             (no amulet)
HPRegen  0.23/turn              (no ring)
MPRegen  0.11/turn              (no ring)

@: gold aura
A: retaliatory headbutt, horns 2, frail 1, low mp 1, poison resistance
a: Potion Petition, Call Merchant, Bribe Branch, Renounce Religion, Evoke
Invisibility


You were on level 9 of the Dungeon.
You worshipped Gozag.
Gozag was pleased with you.
You were very hungry.

You visited 1 branch of the dungeon, and saw 9 of its levels.

You collected 1596 gold pieces.
You spent 668 gold pieces at shops.
You paid 9 gold pieces to Gozag.

Inventory:

Hand Weapons
 a - a +3 war axe (weapon)
Armour
 b - a +0 scale mail (worn)
 c - a +0 shield (worn)
 k - a +0 pair of boots (worn)
 m - a +1 cloak of invisibility (worn)
 p - a +1 pair of gloves (worn)
Jewellery
 v - a +3 ring of evasion {unknown}
Wands
 i - a wand of polymorph (32)
 o - a wand of disintegration (8)
 r - a wand of iceblast (18)
Scrolls
 t - 3 scrolls of teleportation
 x - a scroll of identify
 y - a scroll of blinking {unknown}
 z - a scroll of remove curse {unknown}
Potions
 d - 3 potions of might
 e - a potion of berserk rage {unknown}
 g - 3 potions of brilliance
 h - 2 potions of heal wounds
 j - 2 potions of curing
 l - a potion of magic
 n - a potion of haste
 q - a potion of cancellation
 s - a potion of resistance
 u - a potion of invisibility
 w - a potion of agility
Comestibles
 f - 9 rations


   Skills:
 + Level 7.7 Fighting
 + Level 13.3 Axes
 + Level 8.8 Armour
 + Level 4.7 Dodging
 + Level 2.1 Stealth
 + Level 7.4 Shields


You had 9 spell levels left.
You didn't know any spells.
Your spell library was empty.

Dungeon Overview and Level Annotations

Branches:
Dungeon (9/15)             Temple (0/1) D:6            Lair (0/6) D:8
    Orc: D:9-12

Altars:
Cheibriados
Gozag
Hepliaklqana
Makhleb
Sif Muna
Yredelemnul
Zin

Shops:
D:2 *   D:6 %


Innate Abilities, Weirdness & Mutations

You reflexively headbutt those who attack you in melee.
You have a pair of horns on your head.
You are frail. (-10% HP)
Your magical capacity is low. (-10% MP)
Your system is resistant to poisons. (rPois)


Message History

You closely miss the orc wizard.
The orc wizard is moderately wounded.
You slash the ogre! The orc wizard casts a spell at you.
The magic dart hits you!
The ogre hits you with a giant spiked club!
You hit the orc wizard. You headbutt the orc wizard!
You kill the orc wizard!
Your shield and scale mail prevent you from hitting the ogre.
Things that are here:
6 gold pieces; a dagger; a robe You hit the ogre.
You headbutt the ogre.
The ogre is heavily wounded.
The ogre hits you with a giant spiked club!!
* * * LOW HITPOINT WARNING * * *
You completely miss the ogre.
The ogre is heavily wounded.
The ogre hits you with a giant spiked club!
You die...
Your body crumbles into a pile of gold.

..... #.......# #..#####...
$.... #.......####..........
......#.....................
......#.....................
......$).....#####..........
......#......# #....<.....
..... #.$....# #..........
.... #......# #....).....
... #...O@.# #.......... ..
#$[....# #.......... .
#......# #..........
#...)$$# #.........#
#...##.# #.........#
#...##.# #.........#
#...##.# #.........#
#...##.# #.. #.#


You could see an ogre.

Vanquished Creatures
  2 two-headed ogres (D:8)
  Pikel (D:6)
  Psyche (D:9)
  2 wyverns (D:8)
  6 yaks (D:9)
  A water moccasin (D:6)
  An orc warrior (D:9)
  A black bear (D:3)
  A sky beast (D:4)
  3 ogres
  A phantom (D:7)
  A necrophage (D:5)
  5 centaurs
  2 bullfrogs
  5 scorpions
  4 killer bees (D:7)
  5 wights (D:7)
  2 howler monkeys
  2 bullfrog zombies (D:7)
  A bullfrog skeleton (D:8)
  2 hounds
  3 jellies
  Ijyb (D:5)
  A centaur skeleton (D:7)
  Crazy Yiuf (D:2)
  7 worker ants
  Natasha (twice) (D:2)
  3 orc wizards
  A hound zombie (D:6)
  2 worker ant zombies
  Robin (D:2)
  32 gnolls (D:5)
  6 adders
  A shadow imp (D:8)
  3 worms
  A dart slug (D:3)
  4 leopard geckos
  10 orcs
  9 bats
  6 giant cockroaches
  16 goblins
  11 hobgoblins
  21 jackals
  4 quokkas
  2 ball pythons
  4 frilled lizards
  A giant cockroach zombie (D:5)
  8 kobolds
  A quokka skeleton (D:6)
  12 rats
223 creatures vanquished.

Notes
Turn   | Place    | Note
-------+----------+-------------------------------------------
     0 | D:1      | qdestroyer the Minotaur Fighter began the quest for the Orb.
     0 | D:1      | Reached XP level 1. HP: 19/19 MP: 0/0
   148 | D:1      | Reached XP level 2. HP: 22/27 MP: 1/1
   211 | D:1      | Gained mutation: Your magical capacity is low. (-10% MP) [potion of mutation]
   211 | D:1      | Gained mutation: You are frail. (-10% HP) [potion of mutation]
   211 | D:1      | Gained mutation: Your system is resistant to poisons. (rPois) [potion of mutation]
   663 | D:2      | Found an opulent altar of Gozag.
   675 | D:2      | Found Gozag's Platinum Reserve.
   695 | D:2      | Became a worshipper of Gozag Ym Sagoz the Greedy
   739 | D:2      | Reached XP level 3. HP: 29/29 MP: 1/1
   783 | D:2      | Noticed Robin
   792 | D:2      | Killed Robin
   792 | D:2      | Reached skill level 3 in Axes
   820 | D:2      | Noticed Natasha
   829 | D:2      | Killed Natasha
   829 | D:2      | Reached XP level 4. HP: 11/36 MP: 2/2
  1022 | D:2      | Found a deep blue altar of Sif Muna.
  1261 | D:2      | Noticed Natasha
  1268 | D:2      | Killed Natasha
  1509 | D:2      | Found a runed door.
  1513 | D:2      | Noticed Crazy Yiuf
  1521 | D:2      | Killed Crazy Yiuf
  1521 | D:2      | Reached skill level 4 in Axes
  1521 | D:2      | Reached XP level 5. HP: 37/42 MP: 3/3
  2103 | D:3      | Found a glowing silver altar of Zin.
  2104 | D:3      | Found a basalt altar of Yredelemnul.
  2245 | D:3      | Reached skill level 5 in Axes
  2247 | D:3      | Noticed a black bear
  2256 | D:3      | Killed a black bear
  2256 | D:3      | Reached skill level 1 in Dodging
  2256 | D:3      | Reached XP level 6. HP: 43/47 MP: 4/4
  2698 | D:4      | Noticed a sky beast
  2703 | D:4      | Killed a sky beast
  2703 | D:4      | Reached skill level 6 in Axes
  2703 | D:4      | Reached skill level 5 in Armour
  3460 | D:5      | Entered Level 5 of the Dungeon
  3468 | D:5      | Reached XP level 7. HP: 46/54 MP: 5/5
  3487 | D:5      | Noticed Ijyb
  3497 | D:5      | Killed Ijyb
  3508 | D:5      | Reached skill level 1 in Stealth
  3649 | D:5      | Reached skill level 5 in Fighting
  3649 | D:5      | Reached skill level 7 in Axes
  3921 | D:5      | Reached skill level 5 in Shields
  3926 | D:5      | Found a hazy altar of Hepliaklqana.
  4024 | D:5      | Found Nuajol's Magic Scroll Boutique.
  4042 | D:5      | Reached XP level 8. HP: 36/61 MP: 6/6
  4054 | D:5      | Bought a scroll of enchant weapon for 82 gold pieces
  4054 | D:5      | Bought a scroll of enchant weapon for 82 gold pieces
  4054 | D:5      | Bought a scroll of teleportation for 33 gold pieces
  4054 | D:5      | Bought a scroll of teleportation for 33 gold pieces
  4061 | D:5      | Bought a scroll of identify for 22 gold pieces
  4061 | D:5      | Bought a scroll of identify for 22 gold pieces
  4061 | D:5      | Bought a scroll of identify for 22 gold pieces
  4061 | D:5      | Bought a scroll of identify for 22 gold pieces
  4111 | D:5      | Reached skill level 8 in Axes
  4913 | D:6      | Found Goosi's Food Boutique.
  4922 | D:6      | Bought a ration for 70 gold pieces
  4922 | D:6      | Bought a ration for 70 gold pieces
  4922 | D:6      | Bought a ration for 70 gold pieces
  4922 | D:6      | Bought a ration for 70 gold pieces
  4922 | D:6      | Bought a ration for 70 gold pieces
  4973 | D:6      | Reached skill level 9 in Axes
  5210 | D:6      | Noticed Pikel
  5221 | D:6      | Killed Pikel
  5221 | D:6      | Reached XP level 9. HP: 35/67 MP: 7/7
  5397 | D:6      | Reached skill level 10 in Axes
  5406 | D:6      | Found a staircase to the Ecumenical Temple.
  5754 | D:7      | Found a snail-covered altar of Cheibriados.
  6210 | D:7      | Reached skill level 11 in Axes
  6685 | D:8      | Noticed a two-headed ogre
  6692 | D:8      | Killed a two-headed ogre
  6692 | D:8      | Reached skill level 12 in Axes
  6692 | D:8      | Reached XP level 10. HP: 35/77 MP: 8/8
  6877 | D:8      | Noticed a two-headed ogre
  6886 | D:8      | Killed a two-headed ogre
  6916 | D:8      | Found a burning altar of Makhleb.
  7115 | D:8      | Found a staircase to the Lair.
  7317 | D:9      | Noticed Psyche
  7329 | D:9      | Killed Psyche
  7361 | D:9      | Reached skill level 13 in Axes
  7463 | D:9      | Mangled by an ogre

Vault maps used:
D:1:      dpeg_arrival_rooms_b
D:2:      lemuel_doored_altar, nicolae_gozag_zags_fifth_avenue, first_ration,
          uniq_crazy_yiuf_cottage, uniq_natasha, uniq_robin
D:3:      gammafunk_temple_overflow_statue, glass_columns_b,
          kennysheep_generic_room_14
D:4:      corexii_shack_village, kennysheep_windowed_goal
D:5:      lemuel_castle_with_subvaults, basic_altar, serial_shops, shop,
          uniq_ijyb
D:6:      minmay_temple_entry_trees, serial_shops, shop, uniq_pikel
D:7:      slow_altar_1
D:8:      lightli_temple_of_fire, dpeg_oklobed_lair
D:9:      orc_david_3, hangedman_little_slice_of_home,
          minmay_misc_feat_enclosed, uniq_psyche

Skill      XL: |  1  2  3  4  5  6  7  8  9 10 |
---------------+-------------------------------+-----
Fighting       | 4 5 6 7 |  7.7
Armour         | 4 5 6 7 8 |  8.8
Shields        | 4 5 6 7 |  7.4
Axes           | 3 4 5 6 7 9 12 13 | 13.3
Dodging        | 1 2 3 4 |  4.7
Stealth        | 1 2 |  2.1

Action                   |  1- 3 |  4- 6 |  7- 9 | 10-12 || total
-------------------------+-------+-------+-------+-------++-------
Melee: War axe           |   103 |    93 |   283 |    89 ||   568
       Headbutt          |    16 |    13 |    56 |    27 ||   112
  Use: Scroll            |     1 |     8 |     9 |       ||    18
       Potion            |     1 |       |     2 |       ||     3
 Stab: Distracted        |       |       |     1 |       ||     1
  Eat: Ration            |       |     3 |     3 |       ||     6
Armor: Scale mail        |    45 |    33 |   114 |    23 ||   215
Dodge: Dodged            |    30 |    44 |    86 |    21 ||   181
Block: Shield            |    46 |    44 |   141 |    40 ||   271

Table legend:
 A = Spawn XP
 B = Non-spawn XP
 C = Spawn XP percentage of total XP
 D = Spawn monster count
 E = Non-spawn monster count
 F = Spawn count percentage of total count
 G = Total turns spent on level
                    A         B        C        D         E        F      G
               +---------+---------+-------+---------+---------+-------+---------
         Total |       0 |    9052 |   0.0 |       0 |     223 |   0.0 |  7463
               +---------+---------+-------+---------+---------+-------+---------
           D:1 |       0 |      34 |   0.0 |       0 |      24 |   0.0 |   663
           D:2 |       0 |     174 |   0.0 |       0 |      32 |   0.0 |  1023
           D:3 |       0 |     231 |   0.0 |       0 |      15 |   0.0 |   984
           D:4 |       0 |     265 |   0.0 |       0 |      14 |   0.0 |   790
           D:5 |       0 |    1319 |   0.0 |       0 |      69 |   0.0 |  1437
           D:6 |       0 |    1068 |   0.0 |       0 |      10 |   0.0 |   846
           D:7 |       0 |    1335 |   0.0 |       0 |      27 |   0.0 |   925
           D:8 |       0 |    2685 |   0.0 |       0 |      18 |   0.0 |   649
           D:9 |       0 |    1941 |   0.0 |       0 |      14 |   0.0 |   146
               +---------+---------+-------+---------+---------+-------+---------
